Map: Kairos Junction LE

Players

SouLeer - Winner!

  • Race: Zerg Zerg
  • Spawn Location: 11:00

JEROS

  • Race: Terran Terran
  • Spawn Location: 5:00

Event: 2019 WCS Summer

VOD

Have the link to the VOD?

Description

Time

  • Played on: July 12, 2019, 8:48 a.m.
  • Length: 5:38

All games in this series

Show
View Real Time Build Order
Export as new Build Order

SouLeer Zerg - Winner!

Build Orders: Pool First 

Get SALT Encoding   

  12  0:01  Drone  
  13  0:13  Overlord  
  13  0:18  Drone  
  14  0:31  Drone x2  
  14  0:33  Extractor  
  14  0:35  Drone  
  16  0:47  Spawning Pool  
  15  0:50  Drone  
  17  0:57  Drone  
  17  1:20  Hatchery  
  16  1:34  Zergling x6  
  19  1:41  Metabolic Boost  
  19  1:52  Queen  
  21  2:00  Overlord  
  21  2:03  Zergling x2  
  22  2:18  Zergling x4  
  24  2:27  Queen  
  26  2:32  Zergling x2  
  26  2:33  Zergling x2  
  28  2:40  Zergling x2  
  28  2:43  Zergling x2  
  29  2:50  Zergling x2  
  29  2:53  Queen  
  29  2:54  Overlord  
  29  3:06  Drone x3  
  29  3:09  Drone x2  
  33  3:16  Drone x2  
  33  3:26  Drone  
  31  3:37  Drone  
  31  3:38  Hatchery  
  31  3:40  Drone x2  
  32  3:48  Drone x2  
  34  3:52  Zergling x6  
  37  3:56  Overlord  
  37  3:58  Zergling x2  
  37  4:01  Zergling x2  
  39  4:04  Zergling x4  
  41  4:12  Overlord  
  41  4:13  Zergling x2  
  42  4:21  Zergling x6  
  42  4:22  Zergling x4  
  48  4:24  Zergling x2  
  48  4:26  Zergling x4  
  50  4:38  Zergling x4  
  49  4:48  Drone x3  
  49  4:52  Drone x2  
  54  4:53  Drone  
  54  4:55  Drone x2, Evolution Chamber  
  54  4:57  Drone  
  57  5:01  Drone x2  
  57  5:03  Drone  
  60  5:11  Overlord x2  
Show
View Real Time Build Order
Export as new Build Order

JEROS Terran 

Build Orders: Reaper Expand 

Get SALT Encoding   

  12  0:00  SCV  
  13  0:13  SCV  
  14  0:17  Supply Depot  
  14  0:26  SCV  
  15  0:39  Barracks, SCV  
  16  0:45  Refinery  
  16  0:51  SCV  
  17  1:03  SCV  
  18  1:15  SCV  
  19  1:27  Orbital Command  
  19  1:28  Reaper  
  20  1:40  Command Center  
  20  1:48  Supply Depot  
  20  1:52  SCV  
  21  2:00  Marine  
  22  2:05  SCV  
  22  2:11  Factory  
  22  2:16  Refinery  
  22  2:17  SCV  
  22  2:22  Barracks Reactor  
  23  2:29  SCV  
  24  2:41  SCV  
  25  2:53  SCV  
  26  3:06  SCV  
  26  3:08  Marine x2  
  26  3:09  Hellion  
  29  3:18  SCV  
  27  3:26  Marine x2  
  23  3:30  SCV  
  23  3:31  Hellion  
  23  3:42  SCV  
  23  3:44  Starport  
  24  3:54  SCV  
  25  3:55  Orbital Command  
  25  3:56  Barracks Tech Lab  
  25  4:06  SCV  
  26  4:14  Hellion  
  26  4:15  Hellion  
  30  4:18  SCV  
  31  4:26  Viking  
  31  4:29  SCV  
  31  4:30  SCV  
  31  4:42  Orbital Command, SCV, Hellion  
  30  4:48  Marine  
  29  4:54  SCV  
  30  5:01  Starport Tech Lab  
  30  5:04  Hellion x2  
  30  5:07  SCV  
  35  5:08  SCV  
  37  5:17  Supply Depot  
  37  5:19  SCV  
Tags
 
Add a new tag
Caveats
  • Supply blocks, unpowered buildings, or Contaminate may cause inaccurate times.
  • Supply counts are checked every 10 seconds.